Map: Acropolis LE

Players

StishFicks

  • Race: Zerg Zerg
  • League: Platinum
  • Spawn Location: 5:00

goldenbat - Winner!

  • Race: Terran Terran
  • League: Diamond
  • Spawn Location: 11:00

VOD

Have the link to the VOD?

Description

Time

  • Played on: Aug. 16, 2019, 8:08 a.m.
  • Length: 17:18
Show
View Real Time Build Order
Export as new Build Order

StishFicks Zerg 

Build Orders: Hatch First 

Get SALT Encoding   

  12  0:01  Drone  
  13  0:12  Overlord  
  13  0:17  Drone  
  14  0:38  Drone x3  
  17  0:57  Drone  
  18  0:59  Hatchery  
  18  1:01  Drone  
  18  1:11  Extractor  
  18  1:16  Spawning Pool  
  18  1:17  Drone  
  17  1:28  Drone  
  18  1:33  Drone  
  19  1:44  Drone  
  20  1:49  Hatchery  
  19  1:58  Drone  
  20  2:08  Queen  
  20  2:13  Queen  
  24  2:20  Metabolic Boost  
  24  2:26  Zergling x2  
  24  2:27  Zergling x2  
  26  2:51  Overlord x2  
  26  2:55  Queen  
  28  3:05  Overlord  
  28  3:16  Drone x7  
  35  3:25  Queen  
  37  3:36  Drone x4  
  37  3:37  Drone x2  
  37  3:38  Drone  
  44  3:46  Overlord  
  44  3:47  Overlord  
  44  3:51  Overlord  
  44  3:59  Roach Warren  
  43  4:05  Extractor, Drone x2  
  43  4:06  Drone  
  43  4:07  Drone x2  
  47  4:10  Drone  
  48  4:21  Lair  
  48  4:31  Extractor  
  48  4:32  Extractor  
  48  4:33  Drone  
  48  4:34  Drone x2  
  48  4:35  Drone x2  
  48  4:36  Drone x3  
  54  4:39  Roach x3  
  54  4:41  Roach  
  44  5:27  Drone  
  44  5:28  Drone  
  46  5:29  Drone x3  
  46  5:30  Drone  
  46  5:31  Drone x2  
  52  5:40  Drone  
  52  5:41  Drone x6  
  52  5:42  Drone x2  
  61  5:45  Drone  
  62  5:54  Glial Reconstitution  
  63  5:57  Drone  
  63  6:11  Drone  
  63  6:12  Drone  
  63  6:14  Overlord x4  
  65  6:32  Drone x2  
  67  6:33  Drone, Evolution Chamber x2  
  66  6:41  Infestation Pit  
  65  6:49  Drone  
  65  6:50  Drone x14  
  65  6:54  Extractor  
  79  6:55  Extractor  
  78  7:03  Zerg Missile Weapons Level 1  
  78  7:04  Zerg Ground Armor Level 1  
  78  7:15  Nydus Network  
  77  7:19  Overlord  
  77  7:20  Overlord x3  
  77  7:22  Drone x3  
  80  7:23  Drone x3  
  80  7:25  Drone  
  84  7:37  Hatchery  
  83  7:50  Roach x9  
  83  7:51  Roach x2  
  105  7:57  Burrow  
  96  8:21  Swarm Host x3  
  96  8:23  Spine Crawler x4  
  122  8:31  Pneumatized Carapace  
  122  8:46  Overlord  
  122  8:47  Overlord x4  
  122  8:54  Nydus Canal  
  122  9:10  Queen  
  122  9:12  Overlord x4  
  124  9:20  Nydus Canal  
  124  9:27  Roach x8  
  124  9:28  Roach x12  
  134  10:18  Roach x6  
  134  10:19  Roach x9  
  158  10:23  Queen  
  158  10:26  Ravager x7  
  158  10:27  Zerg Missile Weapons Level 2  
  158  10:28  Zerg Ground Armor Level 2  
  167  10:31  Pathogen Glands  
  167  10:32  Infestor x3  
  173  10:48  Nydus Canal  
  173  11:10  Roach x5  
  183  11:12  Overlord x3  
  183  11:41  Spire, Hive  
  183  11:46  Drone x6  
  189  11:47  Drone x2  
  190  12:07  Nydus Canal  
  190  12:15  Extractor  
  189  12:20  Extractor  
  155  12:43  Roach x6  
  155  12:44  Roach x8  
  166  12:59  Roach  
  166  13:00  Roach x16  
  138  13:38  Nydus Canal  
  110  13:55  Nydus Canal  
  97  14:14  Greater Spire  
  97  14:27  Zerg Ground Armor Level 3, Adrenal Glands, Zerg Missile Weapons Level 3  
  99  14:31  Roach  
  99  14:32  Roach x22  
  99  14:33  Queen  
  145  14:50  Hatchery  
  145  14:51  Infestor x2  
  145  14:52  Infestor x2  
  142  15:07  Ravager  
  142  15:10  Roach x8  
  140  15:25  Roach  
  140  15:26  Roach x10  
  121  15:46  Roach x10  
  69  16:21  Roach  
  69  16:22  Roach x10  
  82  16:29  Hatchery  
  32  16:57  Roach  
  32  16:58  Roach x3  
Show
View Real Time Build Order
Export as new Build Order

goldenbat Terran - Winner!

Build Orders: 2 Factory 

Get SALT Encoding   

  12  0:01  SCV  
  13  0:17  SCV, Supply Depot  
  14  0:29  SCV  
  15  0:40  Barracks  
  15  0:44  Refinery, SCV  
  16  0:56  SCV  
  17  1:09  SCV  
  18  1:21  SCV  
  19  1:30  Barracks Reactor  
  19  1:33  Orbital Command  
  19  1:45  Command Center  
  19  1:56  Supply Depot  
  19  2:06  Factory  
  19  2:08  Marine  
  19  2:10  Marine  
  19  2:14  SCV  
  22  2:25  Refinery  
  22  2:26  Marine  
  22  2:27  SCV  
  22  2:29  Marine  
  26  2:44  SCV  
  26  2:56  SCV  
  26  2:58  Factory  
  27  3:06  Hellion x2  
  27  3:09  Orbital Command  
  31  3:15  SCV  
  31  3:18  Barracks Tech Lab  
  32  3:29  Supply Depot  
  32  3:33  SCV  
  33  3:36  Hellion x2  
  33  3:38  SCV  
  38  3:50  Infernal Pre-Igniter  
  38  3:56  SCV x2  
  38  4:00  Barracks Tech Lab  
  38  4:02  Supply Depot, Hellion  
  42  4:03  Hellion  
  44  4:10  SCV x2  
  46  4:18  Armory  
  46  4:22  SCV x2  
  48  4:25  Supply Depot  
  48  4:27  Hellion  
  50  4:32  Hellion  
  52  4:39  SCV x2  
  52  4:42  Supply Depot  
  54  4:49  Supply Depot  
  42  5:22  Cyclone, Hellion x2  
  49  5:28  SCV  
  49  5:29  SCV, Barracks Tech Lab  
  49  5:30  Command Center  
  49  5:33  Refinery  
  51  5:40  Factory  
  51  5:43  Terran Vehicle Weapons Level 1  
  51  5:48  Hellion x2  
  51  5:49  SCV x2  
  57  5:50  Mag-Field Accelerator  
  57  5:55  Cyclone  
  60  6:03  Refinery  
  60  6:04  SCV x2  
  60  6:10  Supply Depot  
  60  6:11  Supply Depot  
  62  6:15  Hellion x2  
  66  6:22  Armory  
  66  6:24  SCV x2  
  68  6:27  Cyclone  
  68  6:28  Cyclone  
  74  6:34  Supply Depot  
  74  6:36  SCV x2  
  76  6:48  Engineering Bay  
  76  6:52  SCV x2  
  78  7:03  Cyclone x2  
  78  7:04  SCV x2, Hellion x2  
  90  7:14  Orbital Command  
  90  7:17  Refinery  
  90  7:19  SCV x2  
  92  7:24  Refinery  
  92  7:28  Factory  
  92  7:30  Factory  
  92  7:31  Factory  
  92  7:33  Terran Vehicle And Ship Armor Level 1  
  92  7:34  SCV x2  
  92  7:36  Barracks Reactor  
  94  7:40  SCV  
  94  7:41  Supply Depot  
  94  7:42  Supply Depot  
  94  7:43  Cyclone x2  
  101  7:46  SCV  
  101  7:50  SCV  
  103  7:52  SCV  
  103  7:58  Hellion x2  
  105  8:04  SCV x2  
  107  8:06  Terran Vehicle Weapons Level 2  
  107  8:09  SCV  
  108  8:16  SCV  
  108  8:17  SCV, Supply Depot  
  108  8:19  Supply Depot  
  110  8:21  SCV  
  110  8:24  Factory Tech Lab x2  
  111  8:39  SCV x3  
  114  8:45  Supply Depot  
  114  8:47  Command Center, Supply Depot  
  114  8:48  Cyclone x3  
  120  8:49  Cyclone  
  120  8:50  Hellion  
  128  9:04  Hellion x2  
  128  9:05  Hellion  
  134  9:20  Cyclone  
  134  9:21  Siege Tank  
  134  9:22  Siege Tank  
  143  9:25  Cyclone  
  146  9:33  Hellion  
  146  9:34  Hellion x2  
  150  9:52  Cyclone  
  153  9:53  Cyclone  
  155  10:00  Cyclone x2, Hellion x2  
  147  10:16  Hellion  
  147  10:17  Hellion  
  141  10:22  Hellion  
  141  10:24  Cyclone  
  141  10:26  Cyclone  
  149  10:32  Cyclone  
  152  10:42  Command Center  
  152  10:43  Hellion x3  
  152  10:44  Hellion  
  152  10:45  Terran Vehicle Weapons Level 3, Terran Vehicle And Ship Armor Level 2  
  160  10:53  Factory  
  160  10:55  Factory  
  160  10:58  Factory  
  160  11:01  Cyclone x2  
  161  11:12  Hellion x2  
  161  11:13  Hellion x2  
  161  11:17  Orbital Command  
  169  11:35  Cyclone  
  172  11:45  SCV  
  173  11:52  Supply Depot  
  173  11:54  Cyclone x2, SCV x2, Factory Tech Lab  
  173  11:55  Factory Tech Lab x2  
  173  12:00  Factory Reactor  
  181  12:08  Cyclone  
  181  12:09  Cyclone  
  181  12:13  Hellion x3  
  193  12:23  Refinery  
  193  12:26  Refinery  
  165  12:39  Cyclone x4  
  165  12:40  Hellion x3  
  165  12:44  Cyclone x2  
  183  12:45  Hellion  
  183  12:46  Hellion  
  183  13:11  Cyclone x2  
  136  13:27  Cyclone x2  
  136  13:31  Cyclone x2  
  120  13:43  Cyclone x2  
  120  13:47  Terran Vehicle And Ship Armor Level 3  
  117  14:00  Cyclone, Hellion x4  
  117  14:01  Cyclone  
  131  14:03  Cyclone x2, SCV x2  
  136  14:30  Cyclone x2  
  136  14:31  Hellion x2  
  143  14:36  Cyclone x2  
  143  14:37  Cyclone x2  
  143  14:38  Hellion x2  
  159  14:41  SCV x2  
  161  14:54  Hellion x3  
  163  15:08  Cyclone x3  
  158  15:21  Cyclone x2  
  156  15:36  Cyclone  
  156  15:40  Cyclone  
  150  15:55  Cyclone x3  
  147  16:07  Cyclone  
  147  16:08  Refinery  
  144  16:29  Cyclone  
  144  16:36  Command Center  
  131  16:56  Hellion  
Tags
 
Add a new tag
Caveats
  • Supply blocks, unpowered buildings, or Contaminate may cause inaccurate times.
  • Supply counts are checked every 10 seconds.